 Dungeon Crawl Stone Soup version 0.28.0-47-ge53b351184 (webtiles) character file.

Game seed: 8981653135195438960

41290 acdeimund the Fighter (level 14, -3/127 HPs)
             Began as a Hill Orc Fighter on May 4, 2022.
             Was an Elder of Beogh.
             Slain by a catoblepas (62 damage)
             ... on level 5 of the Lair of Beasts.
             The game lasted 01:21:14 (25490 turns).

acdeimund the Fighter (Hill Orc Fighter)           Turns: 25490, Time: 01:21:15

Health: -3/127     AC: 20    Str: 24    XL:     14   Next: 14%
Magic:  22/22      EV:  2    Int: 14    God:    Beogh [****..]
Gold:   1232       SH:  0    Dex: 12    Spells: 12/16 levels left

rFire   + . .      SeeInvis .   D - +3 demon whip (pain)
rCold   + + .      Faith    .   x - +0 kite shield
rNeg    . . .      Spirit   .   P - +2 chain mail {rC+}
rPois   .          Reflect  .   k - +0 helmet
rElec   .          Harm     .   J - scarf {rC+ rF+}
rCorr   .          Rampage  .   B - +1 pair of gloves of the Camelopard {Str+2}
Will    +....                   y - +1 pair of boots
Stlth   ..........              (no amulet)
HPRegen 0.31/turn               f - ring of wizardry
MPRegen 0.18/turn               c - +6 ring of intelligence

@: about to teleport, sleeping
A: no striking features
a: Renounce Religion, Smiting, Recall Orcish Followers


You were on level 5 of the Lair of Beasts.
You worshipped Beogh.
Beogh was greatly pleased with you.
You visited 2 branches of the dungeon, and saw 16 of its levels.
You also visited: Ice Cave.

You collected 1232 gold pieces.

Inventory:

Hand Weapons
 a - a +0 flail of flaming
 D - a +3 demon whip of pain (weapon)
 E - a +2 vampiric morningstar
Missiles
 e - 527 stones
Armour
 k - a +0 helmet (worn)
 x - a +0 kite shield (worn)
 y - a +1 pair of boots (worn)
 B - the +1 pair of gloves of the Camelopard (worn) {Str+2}
   (You acquired it on level 8 of the Dungeon)

   Str:       It affects your strength (+2).
 J - a scarf of resistance (worn)
 P - a +2 chain mail of cold resistance (worn)
Jewellery
 c - a +6 ring of intelligence (right hand)
 f - a ring of wizardry (left hand)
 g - a ring of flight
 m - a ring of positive energy
 O - a ring of flight
Wands
 n - a wand of iceblast (22)
 F - a wand of polymorph (20)
 N - a wand of acid (7)
Scrolls
 i - 2 scrolls of holy word
 v - 3 scrolls of teleportation
 H - a scroll of enchant armour
 L - 2 scrolls of torment
 M - 3 scrolls of fog
 R - a scroll of immolation {unknown}
 T - a scroll of magic mapping
 W - 2 scrolls of identify
Potions
 b - a potion of berserk rage {unknown}
 j - 3 potions of cancellation
 l - 2 potions of haste
 o - 2 potions of invisibility
 q - a potion of resistance
 s - 2 potions of mutation
 t - 10 potions of ambrosia
 u - a potion of curing {unknown}
 z - 3 potions of attraction {unknown}
 C - a potion of magic {unknown}
 G - 2 potions of brilliance
 I - 4 potions of heal wounds
 V - a potion of might
Miscellaneous
 S - a condenser vane


   Skills:
 * Level 12.5 Fighting
 + Level 12.2 Maces & Flails
 * Level 11.4 Armour
 * Level 5.4 Dodging
 * Level 11.4 Shields
 + Level 1.7 Spellcasting
 + Level 7.4 Necromancy
 + Level 11.1 Invocations


You had 12 spell levels left.
You knew the following spells:

 Your Spells              Type           Power      Damage    Failure   Level
a - Pain                  Necr           88%        1d8       4%          1
b - Vampiric Draining     Necr           22%        2d7       14%         3

Your spell library contained the following spells:

 Spells                   Type           Power      Damage    Failure   Level
 Animate Skeleton         Necr           44%        N/A       4%          1
 Corpse Rot               Necr/Air       22%        N/A       32%         2
 Dispel Undead            Necr           22%        3d12      41%         4
 Beastly Appendage        Tmut           2%         N/A       65%         1
 Agony                    Necr           22%        N/A       75%         5
 Excruciating Wounds      Necr           11%        N/A       75%         5
 Blink                    Tloc           2%         N/A       80%         2
 Static Discharge         Conj/Air       1%         N/A       80%         2
 Wereblood                Tmut           1%         N/A       80%         2
 Anguish                  Hex/Necr       5%         N/A       89%         4
 Spider Form              Tmut/Pois      1%         N/A       95%         3
 Tukima's Dance           Hex            1%         N/A       95%         3
 Death Channel            Necr           11%        N/A       99%         6
 Lightning Bolt           Conj/Air       0%         1d11      100%        5
 Manifold Assault         Tloc           1%         N/A       100%        5
 Enfeeble                 Hex            0%         N/A       100%        7
 Storm Form               Tmut/Air       0%         N/A       100%        7
 Maxwell's Capacitive Co  Air            0%         ∞         100%        8


Dungeon Overview and Level Annotations

Branches:
Dungeon (11/15)            Temple (0/1) D:5            Lair (5/6) D:8
  Swamp (0/4) Lair:3       Spider (0/4) Lair:2          Orc (0/2) D:9
  IceCv (visited)
  Slime: Lair:5-6

Altars:
Ashenzari
Gozag
Hepliaklqana
Makhleb
Okawaru
Qazlal
Vehumet
Wu Jian
Zin
The Shining One
Beogh

Annotations:
D:9 3 runed translucent doors, kingofstarryskies's ghost, novice HOFi
D:10 exclusion: 2 obsidian statues
Lair:2 1 runed translucent door, selver's ghost, journeyman MiHu
Lair:4 exclusion: oklob plant


Message History

You are slowing down.
The polar bear rages.
Your limbs are stiffening.
The polar bear is engulfed in calcifying dust.
The polar bear is moving more slowly.
The polar bear rages.
The catoblepas snuffles in challenge.
You have turned to stone.
The polar bear bites you!
The polar bear claws you but does no damage. x2
The polar bear bites you!
The polar bear claws you but does no damage. x2
The catoblepas gores you! The polar bear bites you!
The polar bear claws you but does no damage. x2
The polar bear bites you but does no damage.
The polar bear claws you.
The polar bear claws you but does no damage.
The catoblepas gores you. The polar bear bites you.
The polar bear claws you but does no damage. x2
The catoblepas gores you but does no damage.
The polar bear bites you. The polar bear claws you.
The polar bear claws you but does no damage.
The polar bear bites you but does no damage.
The polar bear claws you.
The polar bear claws you but does no damage.
The catoblepas gores you!
The dream sheep bites you but does no damage.
The polar bear stops moving altogether!
The catoblepas gores you but does no damage.
The dream sheep bites you.
The catoblepas gores you but does no damage.
You turn to flesh and can move again.
As you read the scroll of teleportation, it crumbles to dust.
You feel strangely unstable.
The dream sheep shake their wool and sparkle.
You feel drowsy...
You fall asleep.
The catoblepas gores you!!!
You die...

#..###.#).#.......# .
#..#...))##.#o..P.#
P.##..###...#oo#.....#
.^.#§.##..†#..o##...#
........).#..#.#...##
...#.......#.......#
##......##.......# ##
###YhY#....#.##.....
#..#..@.#§.#?.#####....
#...<.Y##..#.## #.....#
#P.....#...#.. ####.##
####.P.###....# ###
....# ##. ###... ..
#.... ###.## # .#


You could see a catoblepas, a polar bear (berserk, petrified) and 2 dream sheep.

Vanquished Creatures
  A reaper (IceCv)
  Fannar (Lair:2)
  4 hydras
  A boulder beetle (Lair:1)
  A catoblepas (Lair:2)
  Urug (Lair:1)
  Sonja (Lair:2)
  A deep elf pyromancer (D:9)
  A cyclops (D:11)
  8 black mambas
  Maurice (D:8)
  Joseph (D:8)
  14 elephants
  An ice statue (IceCv)
  7 cane toads
  6 komodo dragons
  An unseen horror (D:11)
  A queen bee (Lair:1)
  4 trolls
  2 hornets
  A polar bear (Lair:4)
  16 blink frogs
  3 dream sheep (Lair:5)
  2 shadows
  2 dire elephant simulacra (IceCv)
  35 yaks
  4 wyverns
  3 basilisks
  A steam dragon (D:8)
  A swamp worm (Lair:3)
  3 death yak simulacra (IceCv)
  2 harpy simulacra (IceCv)
  21 water moccasins
  A sky beast (D:6)
  6 orc warriors
  An ice beast (D:7)
  2 black bears
  An ogre (D:5)
  A necrophage (D:7)
  14 wolves
  A centaur (D:9)
  A wyvern zombie (D:6)
  5 gnoll sergeants (D:6)
  A scorpion (D:7)
  10 bullfrogs
  5 cane toad simulacra (IceCv)
  7 two-headed ogre simulacra (IceCv)
  7 wights
  27 killer bees
  A howler monkey (D:10)
  3 centaur zombies
  4 jellies
  2 bullfrog zombies
  2 gnoll shamans (D:6)
  2 hounds
  3 orc priests (D:9)
  3 centaur skeletons (D:7)
  Ijyb (D:4)
  4 iguanas
  3 orc wizards
  6 troll simulacra (IceCv)
  2 polar bear simulacra (IceCv)
  8 spriggan simulacra (IceCv)
  2 wolf simulacra (IceCv)
  A hound skeleton (D:5)
  A howler monkey zombie (D:7)
  Robin (D:3)
  4 gnolls (D:6)
  5 adders
  A shadow imp (D:8)
  21 white imps
  9 ufetubi (IceCv)
  3 adder skeletons (D:4)
  A worm (D:2)
  A worm (shapeshifter) (D:9)
  2 dart slugs
  30 orcs
  4 ball pythons
  4 endoplasms
  3 giant cockroaches
  18 goblins
  8 hobgoblins
  6 jackals (D:3)
  3 quokkas
  9 bats
  3 frilled lizards (D:1)
  6 kobolds
  5 rats
  A butterfly (Lair:2)
438 creatures vanquished.

Vanquished Creatures (collateral kills)
  2 dream sheep (Lair:5)
2 creatures vanquished.

Vanquished Creatures (others)
  An orc wizard (Lair:5)
  2 orc priests (Lair:5)
  An orc warrior (Lair:5)
  2 orcs (Lair:5)
  35 fungi
  78 plants
119 creatures vanquished.

Grand Total: 559 creatures vanquished

Notes
Turn   | Place    | Note
-------+----------+-------------------------------------------
     0 | D:1      | acdeimund the Hill Orc Fighter began the quest for the Orb.
     0 | D:1      | Reached XP level 1. HP: 19/19 MP: 1/1
   202 | D:1      | Reached XP level 2. HP: 27/27 MP: 2/2
  1252 | D:2      | Reached XP level 3. HP: 33/33 MP: 3/3
  2252 | D:3      | Found an opulent altar of Gozag.
  2269 | D:3      | Found a burning altar of Makhleb.
  2271 | D:3      | Found a hazy altar of Hepliaklqana.
  2390 | D:3      | Reached XP level 4. HP: 37/40 MP: 4/4
  2792 | D:3      | Noticed Robin
  2833 | D:3      | Killed Robin
  3278 | D:4      | Noticed an orc warrior
  3465 | D:4      | Became a worshipper of Beogh the Brigand
  3639 | D:4      | Reached XP level 5. HP: 46/47 MP: 5/5
  3697 | D:4      | Killed an orc warrior
  3909 | D:4      | Reached XP level 6. HP: 51/55 MP: 6/6
  4040 | D:4      | Noticed a black bear
  4042 | D:4      | Killed a black bear
  4043 | D:4      | Reached skill level 5 in Fighting
  4220 | D:4      | Noticed Ijyb
  4222 | D:4      | Killed Ijyb
  4311 | D:5      | Entered Level 5 of the Dungeon
  4343 | D:5      | Found a broken altar of Ashenzari.
  4578 | D:5      | Noticed a water moccasin
  4580 | D:5      | Killed a water moccasin
  4581 | D:5      | Reached skill level 5 in Armour
  4581 | D:5      | Reached skill level 5 in Shields
  4581 | D:5      | Reached skill level 1 in Invocations
  4581 | D:5      | Reached XP level 7. HP: 61/61 MP: 6/8
  4656 | D:5      | Found a staircase to the Ecumenical Temple.
  5070 | D:5      | Found an ornate altar of the Wu Jian Council.
  5832 | D:6      | Reached skill level 5 in Maces & Flails
  5832 | D:6      | Reached XP level 8. HP: 53/70 MP: 10/10
  6690 | D:6      | Reached * piety under Beogh
  7359 | D:7      | Noticed a hornet
  7375 | D:6      | Killed a hornet
  7376 | D:6      | Reached skill level 5 in Invocations
  7376 | D:6      | Reached XP level 9. HP: 71/79 MP: 12/12
  7547 | D:7      | Found a glowing golden altar of the Shining One.
  7583 | D:7      | Identified the +3 scale mail "Ticud" {Will+ Str+3 Stlth-}
  8417 | D:8      | Identified a scroll of acquirement
  8417 | D:8      | Acquired the +1 pair of gloves of the Camelopard {Str+2}
  8506 | D:8      | Noticed Joseph
  8533 | D:8      | Killed Joseph
  8584 | D:8      | Found a staircase to the Lair.
  8596 | D:8      | Noticed a hornet
  8604 | D:8      | Killed a hornet
  8622 | D:8      | Reached ** piety under Beogh
  8632 | D:8      | Acquired a +3 demon whip of pain
  8793 | D:8      | Found a glowing silver altar of Zin.
  8874 | D:8      | Noticed Maurice
  8891 | D:8      | Killed Maurice
  8892 | D:8      | Reached skill level 1 in Necromancy
  8892 | D:8      | Reached XP level 10. HP: 89/90 MP: 13/15
  9139 | D:8      | Learned a level 1 spell: Pain
  9143 | D:8      | Learned a level 3 spell: Vampiric Draining
  9542 | D:9      | Found a stormy altar of Qazlal.
 10169 | D:9      | Noticed a deep elf pyromancer
 10451 | D:9      | Killed a deep elf pyromancer
 10599 | D:9      | Found a runed translucent gate.
 10599 | D:9      | Found a runed translucent gate.
 10599 | D:9      | Found a runed translucent gate.
 10600 | D:9      | Noticed kingofstarryskies's ghost (novice HOFi)
 10944 | D:9      | Found a roughly hewn altar of Beogh.
 10944 | D:9      | Found a staircase to the Orcish Mines.
 11525 | D:10     | Entered Level 10 of the Dungeon
 11529 | D:10     | Noticed an obsidian statue
 11529 | D:10     | Noticed an obsidian statue
 11672 | D:10     | Found a radiant altar of Vehumet.
 11918 | D:10     | Reached XP level 11. HP: 84/97 MP: 17/17
 12091 | D:10     | Found an iron altar of Okawaru.
 12516 | D:11     | Noticed a four-headed hydra
 12531 | D:10     | Killed a four-headed hydra
 13151 | D:11     | Noticed a cyclops
 13389 | D:11     | Killed a cyclops
 14098 | Lair:1   | Entered Level 1 of the Lair of Beasts
 14171 | Lair:1   | Reached skill level 1 in Dodging
 14668 | Lair:1   | Noticed an eight-headed hydra
 14676 | Lair:1   | Killed an eight-headed hydra
 15117 | Lair:1   | Reached skill level 10 in Maces & Flails
 15134 | Lair:1   | Reached skill level 10 in Fighting
 15267 | Lair:1   | Noticed Urug
 15270 | Lair:1   | Killed Urug
 15417 | Lair:1   | Noticed a five-headed hydra
 15421 | Lair:1   | Killed a five-headed hydra
 15501 | Lair:1   | Reached XP level 12. HP: 106/106 MP: 19/19
 15527 | Lair:1   | Reached skill level 5 in Necromancy
 16330 | Lair:2   | Noticed a boulder beetle
 16343 | Lair:1   | Killed a boulder beetle
 16775 | Lair:2   | Reached *** piety under Beogh
 17112 | Lair:2   | Noticed a catoblepas
 17145 | Lair:2   | Killed a catoblepas
 17501 | Lair:2   | Found a hole to the Spider Nest.
 17787 | Lair:2   | Found a runed translucent door.
 17916 | Lair:2   | Noticed selver's ghost (journeyman MiHu)
 17920 | Lair:2   | Noticed Sonja
 17936 | Lair:2   | Killed Sonja
 18670 | Lair:2   | Noticed Fannar
 18685 | Lair:2   | Killed Fannar
 18686 | Lair:2   | Reached skill level 10 in Invocations
 19251 | Lair:3   | Reached skill level 10 in Armour
 19492 | Lair:3   | Reached skill level 10 in Shields
 19543 | Lair:3   | Identified the +5 quick blade of Dim Light {drain, *Noise
                  | rElec rF++ Int+3}
 19807 | Lair:3   | Found a frozen archway.
 19819 | IceCv    | Entered an ice cave
 20625 | IceCv    | Reached XP level 13. HP: 115/116 MP: 20/20
 20649 | IceCv    | Noticed a reaper
 20653 | IceCv    | Killed a reaper
 21363 | Lair:3   | Found a staircase to the Swamp.
 23198 | Lair:4   | Reached **** piety under Beogh
 23843 | Lair:4   | Reached skill level 1 in Spellcasting
 24214 | Lair:5   | Reached skill level 5 in Dodging
 25278 | Lair:5   | Reached XP level 14. HP: 127/127 MP: 22/22
 25490 | Lair:5   | Slain by a catoblepas

Illustrated notes

Levels and vault maps discovered:
D:1:      wander_arrival_chamber, layout_basic
D:2:      layout_basic
D:3:      kennysheep_goblin_castle, layout_basic, grunt_temple_overflow_open,
          moated_statue
D:4:      black_bear_nest_1, layout_basic, moated_statue, uniq_ijyb
D:5:      layout_rooms, mainiacjoe_overflow_catch_the_wave,
          minmay_temple_entry_junction, serial_bayou_lagoon_a
D:6:      layout_basic, pf_guarded_unrand_woodcutter
D:7:      layout_cave_pools, mainiacjoe_overflow_concentric_impassable,
          nrook_campfire
D:8:      layout_loops_corners, zin_statuary, dpeg_oklobed_lair,
          corexii_corridor_pit, uniq_joseph, uniq_maurice
D:9:      layout_layer_cave, mainiacjoe_overflow_24_doors, david_orc_5,
          gammafunk_ghost_spectres
D:10:     layout_long_grid, nicolae_vehumet_altar_sigil,
          mainiacjoe_overflow_surrounded_room, david_greed
D:11:     layout_layer_cave
Lair:1:   layout_layer_cave, special_room [special_room_bee],
          chequers_serial_rivers_micro_a, grunt_megastairs_1, lemuel_fruit_tree,
          infiniplex_staircase_pool_2, uniq_urug
Lair:2:   layout_layer_cave, spider_nest_entry_webs, gammafunk_ghost_grave,
          lemuel_fruit_fields, grunt_megastairs_4, uniq_sonja, uniq_fannar
Lair:3:   layout_roguey, minmay_swamp_entry_worms, portal_ice_cave_entry_imps,
          wad_woods_03
Lair:4:   layout_layer_cave, nicolae_lair_grove_arrangements,
          serial_bayou_pond_b
Lair:5:   beast_lair_carwin_large_4, layout_loops_ring, slime_altar_1

Skill      XL: |  1  2  3  4  5  6  7  8  9 10 11 12 13 |
---------------+----------------------------------------+-----
Fighting       | 4 5 6 7 8 9 10 11 12 | 12.5
Maces & Flails | 3 4 5 6 7 8 10 11 12 | 12.2
Shields        | 4 5 6 7 8 9 10 11 | 11.4
Armour         | 4 5 6 7 8 9 10 11 | 11.4
Invocations    | 1 3 5 6 8 9 10 11 | 11.1
Necromancy     | 1 3 4 6 7 |  7.4
Dodging        | 2 3 5 |  5.4
Spellcasting   | 1 |  1.7

Action                   |  1- 3 |  4- 6 |  7- 9 | 10-12 | 13-15 || total
-------------------------+-------+-------+-------+-------+-------++-------
Melee: Flail             |   134 |   123 |   140 |   106 |   101 ||   604
       War axe           |       |       |    73 |       |       ||    73
       Demon whip        |       |       |    16 |   636 |   483 ||  1135
       Morningstar       |       |       |     8 |       |       ||     8
 Cast: Pain              |       |       |       |     6 |       ||     6
Invok: Convert to Beogh  |       |     1 |       |       |       ||     1
       Smiting           |       |       |       |    18 |     6 ||    24
Evoke: Wand              |       |    10 |    22 |    30 |       ||    62
  Use: Scroll            |     4 |     2 |    13 |     8 |     1 ||    28
       Potion            |       |       |     2 |     4 |     1 ||     7
 Stab: Distracted        |       |       |       |     1 |     1 ||     2
Armor: Scale mail        |    60 |    73 |    30 |   261 |       ||   424
       Plate armour      |       |     2 |    89 |       |       ||    91
       Skin              |       |       |     7 |       |       ||     7
       Chain mail        |       |       |       |    58 |   244 ||   302
Dodge: Dodged            |    83 |    57 |    36 |   188 |   127 ||   491
Block: Buckler           |    29 |    36 |     3 |       |       ||    68
       Kite shield       |       |       |   101 |   311 |   268 ||   680
